 Dungeon Crawl Stone Soup version 0.31-a0-174-g85c54bcb58 (webtiles) character file.

Game seed: 1393799046597403601

8121 avis the Nimble (level 11, -5/52 HPs)
             Began as a Felid Summoner on June 14, 2023.
             Was an Initiate of Gozag.
             Shot with an arrow by Nessos (20 damage)
             ... on level 3 of the Lair of Beasts on June 15, 2023.
             The game lasted 03:32:39 (20747 turns).

avis the Nimble (Felid Summoner)                   Turns: 20747, Time: 03:32:39

Health: -5/52      AC:  3    Str:  4    XL:     11   Next: 5%
Magic:  8/26       EV: 30    Int: 22    God:    Gozag
Gold:   1613       SH:  0    Dex: 16    Spells: 0/30 levels left
                                        Lives:  0   Deaths: 2

rFire   . . .        (weapon unavailable)
rCold   + . .        (shield unavailable)
rNeg    . . .        (body armour unavailable)
rPois   .            (helmet unavailable)
rElec   .            (cloak unavailable)
rCorr   .            (gloves unavailable)
SInv    +            (boots unavailable)
Will    +....        (no amulet)
Stlth   ++           h - ring of wizardry
HPRegen 0.28/turn    p - +5 ring of evasion
MPRegen 0.20/turn

%: wizardry (x1)
@: lethally poisoned (-5 -> -7), quick
A: very small, claws 1, fangs 3, see invisible, speed 1, shaggy fur 3, stealthy
paws, no weapons or thrown items, no armour, multi-lived
a: Renounce Religion, Potion Petition, Call Merchant, Bribe Branch


You were on level 3 of the Lair of Beasts.
You worshipped Gozag.
Gozag was most pleased with you.
You visited 3 branches of the dungeon, and saw 15 of its levels.
You also visited: Ossuary.

You collected 2751 gold pieces.
You spent 255 gold pieces at shops.
You paid 883 gold pieces to Gozag.

Inventory:

Jewellery
 d - an amulet of guardian spirit
 h - a ring of wizardry (left paw)
 m - a ring of protection from cold
 p - a +5 ring of evasion (right paw)
 t - a +6 ring of dexterity
 H - a ring of flight
 M - a ring of willpower
Wands
 x - a wand of digging (12)
 y - a wand of iceblast (4)
Scrolls
 b - 3 scrolls of immolation {unknown}
 f - 2 scrolls of enchant armour {unknown}
 g - 5 scrolls of teleportation
 i - a scroll of silence
 k - 5 scrolls of blinking {unknown}
 l - 2 scrolls of revelation {unknown}
 n - 4 scrolls of noise {unknown}
 o - 3 scrolls of butterflies {unknown}
 r - 5 scrolls of vulnerability
 s - 2 scrolls of amnesia {unknown}
 w - a scroll of torment
 B - 2 scrolls of brand weapon {unknown}
 C - 3 scrolls of fear
 G - 3 scrolls of enchant weapon {unknown}
 I - 2 scrolls of identify
 K - a scroll of poison {unknown}
Potions
 a - 2 potions of magic
 c - 4 potions of haste
 e - 3 potions of curing
 j - 3 potions of attraction
 q - 7 potions of might
 u - 3 potions of lignification
 v - 5 potions of brilliance
 z - 9 potions of degeneration
 A - 2 potions of mutation
 D - a potion of berserk rage
 E - a potion of experience
 F - 4 potions of cancellation
 J - a potion of heal wounds
 L - 6 potions of ambrosia
Miscellaneous
 N - a piece from Xom's chessboard (15/15)


   Skills:
 + Level 8.9 Fighting
 + Level 12.0 Dodging
 - Level 2.6 Stealth
 - Level 10.0 Spellcasting
 - Level 5.0 Hexes
 * Level 10.5 Summonings
 + Level 6.0 Translocations
 - Level 5.0 Ice Magic
 - Level 7.0 Air Magic


You couldn't memorise any spells.
You knew the following spells:

 Your Spells              Type           Power      Damage    Failure   Level
a - Summon Small Mammal   Summ           100%       N/A       1%          1
c - Call Imp              Summ           100%       N/A       1%          2
d - Call Canine Familiar  Summ           55%        N/A       1%          3
g - Summon Guardian Gole  Hex/Summ       45%        N/A       1%          3
l - Summon Lightning Spi  Summ/Air       49%        N/A       1%          4
q - Summon Ice Beast      Ice/Summ       45%        N/A       1%          4
C - Summon Cactus Giant   Summ           27%        N/A       4%          6
M - Malign Gateway        Summ/Tloc      23%        N/A       52%         7

Your spell library contained the following spells:

 Spells                   Type           Power      Damage    Failure   Level
 Slow                     Hex            100%       N/A       1%          1
 Confusing Touch          Hex            33%        N/A       1%          3
 Frozen Ramparts          Ice            66%        1d10      1%          3
 Scorch                   Fire           22%        2d6       3%          2
 Vampiric Draining        Necr           11%        2d6       8%          3
 Ice Form                 Ice/Tmut       22%        N/A       9%          4
 Flame Wave               Conj/Fire      11%        2d6       24%         4
 Summon Horrible Things   Summ           27%        N/A       88%         8


Dungeon Overview and Level Annotations

Branches:
Dungeon (11/15)            Temple (1/1) D:5            Lair (3/5) D:11
 Shoals (0/4) Lair:3       Spider (0/4) Lair:2          Orc (0/2) D:10
Ossuary (visited)

Altars:
Ashenzari
Cheibriados
Dithmenos
Elyvilon
Fedhas
Gozag
Hepliaklqana
Kikubaaqudgha
Makhleb
Nemelex Xobeh
Okawaru
Qazlal
Ru
Sif Muna
Trog
Uskayaw
Vehumet
Wu Jian
Xom
Yredelemnul
Zin
The Shining One

Shops:
D:4 *   D:7 ?((   Lair:1 ?

Annotations:
D:3 3 runed translucent doors, OldManVictorn's ghost, amateur GnWn
Lair:3 Nessos


Innate Abilities, Weirdness & Mutations

You have sharp claws.
You have razor-sharp teeth.
You have supernaturally acute eyesight. (SInv)
You cover ground quickly. (Speed+)
Your thick and shaggy fur keeps you warm. (AC +3, rC+)
Your paws help you pounce on unaware monsters.
You are incapable of wielding weapons or throwing items.
You cannot wear armour.
You gain extra lives every three experience levels.


Message History

You feel very sick.
Nessos shoots an arrow.
The arrow hits your cactus giant! The arrow burns your cactus giant.
Your cactus giant is poisoned.
Nessos shoots an arrow.
The arrow hits your cactus giant!! The arrow burns your cactus giant.
Your cactus giant is destroyed!
Your cactus giant disappears in a puff of smoke!
Casting: Summon Cactus Giant (quite dangerous; 4% risk of failure)
Confirm with . or Enter, or press ? or * to list all spells.
Okay, then.
Aiming: Iceblast
Press: ? - help, Shift-Dir - straight line, f/p - Nessos
Aim: Nessos, wielding a +2 longbow of flaming and wearing a +0 barding (fast)
The mass of ice explodes!
The iceblast engulfs Nessos!
Nessos is lightly wounded.
You feel very sick.
You hear an angry hiss.
Nessos gestures wildly while chanting.
Nessos blinks!
The polar bear misses you. The polar bear completely misses you.
The polar bear barely misses you.
Casting: Summon Cactus Giant (quite dangerous; 4% risk of failure)
Confirm with . or Enter, or press ? or * to list all spells.
You feel sick.
Nessos mumbles some strange words.
Nessos blinks!
The polar bear completely misses you. x3
You feel sick.
You feel sick. Nessos says, "I'll learn you. I'll learn you yet!"
Nessos gestures wildly while chanting.
Nessos blinks!
Your cactus giant hits the polar bear with a +0 giant spiked club!!
The polar bear goes berserk!
Nessos casts a spell.
Nessos blinks!
You feel sick. The polar bear misses you. The polar bear closely misses you.
The polar bear barely misses you.
You swap places.
You feel sick.
Nessos shoots an arrow.
The arrow hits you!!
You die...
Your body crumbles into a pile of gold.

................#.#
..............c...#
..................##
..P..............#!# ...
####..............###.. . #
#.............~...~...
##............~# ~ ~~#
###........C~##~#.~##
##.⌠.##....#h@.#~..~#. ## P
#.....##..###§.~.>..~. ##..#..
####⌠.>.⌠#..###~.~#..~~.. .#.....
#.#......#..#.#.~##~~.~#.#.......
#..##...#.......~#~~~.###...Yh...
...###+###.......~~..~.~....9h...
..#......##..........#...C.#
#.................c.....$###
....#.##.....#..................


You could see Nessos (fast), a polar bear (berserk, ally target) and a friendly
cactus giant (summoned).

Vanquished Creatures
  An ugly thing (D:11)
  A culicivora (Lair:2)
  Menkaure (D:5)
  A hound (D:6)
  An orc (D:7)
  3 bats
  A goblin (D:1)
  2 rats (D:1)
11 creatures vanquished.

Vanquished Creatures (collateral kills)
  A two-headed ogre (D:10)
  Maurice (D:11)
  A black mamba (Lair:2)
  2 kobold demonologists (D:11)
  Maggie (D:6)
  2 rime drakes
  2 komodo dragons
  4 blink frogs (Lair:1)
  Grinder (D:3)
  3 culicivoras (Lair:2)
  A vampire (D:9)
  Sigmund (D:4)
  12 yaks
  3 wyverns
  2 basilisks (Lair:1)
  Edmund (D:5)
  5 water moccasins
  4 orc warriors
  3 ice beasts (D:11)
  A swamp drake (D:10)
  A phantom (D:5)
  A centaur (D:11)
  9 wolves
  10 bullfrogs
  3 scorpions
  A water moccasin zombie (D:5)
  6 wights
  12 killer bees (Lair:2)
  A nameless horror (D:4)
  3 hounds
  A jelly (D:5)
  A gnoll bouda (D:7)
  5 orc priests
  Crazy Yiuf (D:3)
  Ijyb (D:5)
  Natasha (twice) (D:3)
  5 iguanas
  7 orc wizards
  A howler monkey zombie (D:5)
  A mummy (D:7)
  15 adders
  13 gnolls
  2 shadow imps (D:5)
  A white imp (D:8)
  2 ufetubi
  A worm (D:2)
  2 dart slugs
  37 orcs
  4 spectral bats (Ossuary)
  11 ball pythons
  8 endoplasms
  A giant cockroach (D:4)
  10 goblins
  7 hobgoblins
  2 jackals (D:3)
  6 quokkas
  9 bats
  5 frilled lizards
  10 gnoll zombies (Ossuary)
  2 goblin simulacra (Ossuary)
  3 goblin zombies
  7 hobgoblin zombies (Ossuary)
  8 kobolds
  5 kobold simulacra (Ossuary)
  5 kobold zombies
  4 orc zombies (Ossuary)
  7 rats
  3 rat simulacra (Ossuary)
  2 spectral goblins (Ossuary)
  4 spectral kobolds (Ossuary)
  5 spectral rats (Ossuary)
324 creatures vanquished.

Vanquished Creatures (others)
  Erica (D:9)
  A two-headed ogre (D:10)
  2 boulder beetles (D:11)
  Joseph (D:9)
  2 cane toads
  A gargoyle (D:9)
  3 komodo dragons
  A rime drake (D:11)
  A queen bee (Lair:2)
  A culicivora (Lair:2)
  A wraith (D:10)
  A wyvern (D:5)
  26 yaks
  A water moccasin (D:7)
  6 ice beasts
  A black bear (Lair:2)
  7 wolves
  A bullfrog (Lair:3)
  22 killer bees
  An electric eel (Lair:2)
  2 bullfrog zombies (D:5)
  A centaur zombie (D:5)
  A jelly (D:5)
  A gnoll bouda (D:6)
  An iguana (D:5)
  Natasha (D:3)
  A mummy (Ossuary)
  A hound zombie (D:5)
  6 gnolls
  4 orcs
  An endoplasm (D:10)
  2 gnoll zombies (Ossuary)
  A kobold zombie (Ossuary)
  A rat (D:10)
105 creatures vanquished.

Grand Total: 440 creatures vanquished

Notes
Turn   | Place    | Note
-------+----------+-------------------------------------------
     0 | D:1      | avis the Felid Summoner began the quest for the Orb.
     0 | D:1      | Reached XP level 1. HP: 7/7 MP: 4/4
   206 | D:1      | Reached XP level 2. HP: 11/11 MP: 4/6
   461 | D:1      | Learned a level 2 spell: Call Imp
   812 | D:1      | Reached XP level 3. HP: 10/14 MP: 2/8
   864 | D:1      | Learned a level 3 spell: Call Canine Familiar
  1604 | D:2      | Identified the +8 dagger of Demand {spect, Contam Str+8
                  | Int-5 Stlth+}
  1984 | D:2      | Found a glowing silver altar of Zin.
  2526 | D:3      | Reached XP level 4. HP: 13/18 MP: 3/10
  2530 | D:3      | Learned a level 3 spell: Summon Guardian Golem
  2781 | D:3      | Found an iron altar of Okawaru.
  2872 | D:3      | Found a runed translucent door.
  2873 | D:3      | Noticed Crazy Yiuf
  2883 | D:3      | Killed Crazy Yiuf
  2884 | D:3      | Reached skill level 1 in Hexes
  2992 | D:3      | Found a runed translucent gate.
  2995 | D:3      | Found a runed translucent gate.
  3002 | D:3      | Noticed OldManVictorn's ghost (amateur GnWn)
  3005 | D:3      | Found a runed translucent gate.
  3229 | D:3      | Reached XP level 5. HP: 21/21 MP: 2/11
  3311 | D:3      | Noticed Grinder
  3366 | D:3      | Killed Grinder
  3367 | D:3      | Reached skill level 5 in Summonings
  3367 | D:3      | Gained mutation: You are covered in thick fur. (AC +2)
                  | [Felid growth]
  3367 | D:3      | Reached XP level 6. HP: 24/24 MP: 0/13
  3490 | D:3      | Learned a level 4 spell: Summon Lightning Spire
  3706 | D:3      | Noticed Natasha
  3719 | D:3      | Killed Natasha
  3810 | D:3      | Noticed Natasha
  3841 | D:3      | Killed Natasha
  3952 | D:3      | Noticed Natasha
  3960 | D:3      | Killed Natasha
  4012 | D:3      | Upgraded the game from 0.31-a0-164-g2312942fda to
                  | 0.31-a0-167-g1c394c0614
  4116 | D:4      | Noticed Sigmund
  4287 | D:4      | Killed Sigmund
  4288 | D:4      | Reached skill level 3 in Dodging
  4288 | D:4      | Reached skill level 1 in Air Magic
  4288 | D:4      | Reached XP level 7. HP: 28/28 MP: 4/15
  4468 | D:4      | Reached skill level 5 in Spellcasting
  4468 | D:4      | Reached skill level 5 in Hexes
  4632 | D:4      | Identified the +10 chain mail "Heysk" {*Corrode rElec MP+9
                  | Slay+6}
  4665 | D:4      | Reached skill level 1 in Fighting
  4796 | D:4      | Found Usmireohin's Assorted Antiques.
  5026 | D:4      | Found a stormy altar of Qazlal.
  5651 | D:4      | Found a bloodstained altar of Trog.
  5937 | D:5      | Entered Level 5 of the Dungeon
  6032 | D:5      | Found a snail-covered altar of Cheibriados.
  6358 | D:5      | Noticed Ijyb
  6392 | D:5      | Killed Ijyb
  6506 | D:5      | Found a basalt altar of Yredelemnul.
  6582 | D:5      | Reached skill level 4 in Dodging
  6582 | D:5      | Reached XP level 8. HP: 32/33 MP: 3/17
  7192 | D:5      | Found a staircase to the Ecumenical Temple.
  7265 | Temple   | Entered the Ecumenical Temple
  7753 | D:6      | Noticed Menkaure
  8274 | D:6      | Noticed Edmund
  8285 | D:5      | Killed Menkaure
  8286 | D:5      | Reached skill level 5 in Dodging
  8408 | D:5      | Killed Edmund
  8636 | D:6      | Noticed Maggie
  8656 | D:6      | Killed Maggie
  8657 | D:6      | Reached XP level 9. HP: 31/38 MP: 12/20
  9217 | D:6      | Reached skill level 5 in Air Magic
  9713 | D:7      | Found a sand-covered staircase.
  9751 | Ossuary  | Entered an ossuary
 10543 | D:7      | Found a large runed translucent door.
 10544 | D:7      | Found a large runed translucent door.
 10582 | D:7      | Found Naigopp's Antique Weapon Shop.
 10725 | D:7      | Found Isum's Magic Scroll Shoppe.
 10865 | D:7      | Reached skill level 6 in Dodging
 11349 | D:7      | Found Feca's Weapon Shoppe.
 11431 | D:7      | Found an ornate altar of the Wu Jian Council.
 11439 | D:7      | Found a sparkling altar of Nemelex Xobeh.
 11668 | D:8      | Found an opulent altar of Gozag.
 11677 | D:8      | Became a worshipper of Gozag Ym Sagoz the Greedy
 11813 | D:8      | Found a glowing golden altar of the Shining One.
 12525 | D:9      | Found a glowing silver altar of Zin.
 13096 | D:9      | Noticed Joseph
 13099 | D:9      | Reached XP level 10. HP: 43/43 MP: 17/22
 13114 | D:9      | Reached skill level 7 in Dodging
 13123 | D:9      | Killed Joseph
 13124 | D:9      | Reached skill level 5 in Fighting
 13216 | D:9      | Identified the +4 spear "Jellybane" {spect, +Blink rC-
                  | Str+3}
 13225 | D:9      | Noticed a gargoyle
 13235 | D:9      | Killed a gargoyle
 13611 | D:9      | Noticed Erica
 13623 | D:9      | Killed Erica
 13912 | D:9      | Learned a level 4 spell: Summon Ice Beast
 14086 | D:10     | Entered Level 10 of the Dungeon
 14251 | D:10     | Noticed a two-headed ogre
 14266 | D:10     | Killed a two-headed ogre
 14267 | D:10     | Reached skill level 8 in Dodging
 14267 | D:10     | Reached skill level 1 in Ice Magic
 14304 | D:10     | Found a shimmering altar of Xom.
 14324 | D:10     | Noticed a two-headed ogre
 14326 | D:10     | Found a broken altar of Ashenzari.
 14352 | D:10     | Killed a two-headed ogre
 14465 | D:10     | Reached XP level 11. HP: 48/48 MP: 16/25
 14594 | D:10     | Found a hazy altar of Hepliaklqana.
 14692 | D:10     | Found a staircase to the Orcish Mines.
 15262 | D:10     | Found a shimmering blue altar of Sif Muna.
 15365 | D:11     | Noticed a boulder beetle
 15523 | D:11     | Killed a boulder beetle
 15768 | D:11     | Noticed a boulder beetle
 15809 | D:11     | Killed a boulder beetle
 15810 | D:11     | Reached skill level 9 in Dodging
 16140 | D:11     | Found a staircase to the Lair.
 16285 | D:11     | Noticed a red ugly thing
 16302 | D:11     | Killed a red ugly thing
 16734 | D:11     | Noticed Maurice
 16754 | D:11     | Killed Maurice
 16755 | D:11     | Reached skill level 10 in Spellcasting
 17026 | Lair:1   | Entered Level 1 of the Lair of Beasts
 17047 | Lair:1   | Reached skill level 5 in Ice Magic
 17286 | Lair:1   | Reached skill level 10 in Dodging
 17337 | Lair:1   | Gained mutation: Your thick and shaggy fur keeps you warm.
                  | (AC +3, rC+) [Felid growth]
 17337 | Lair:1   | Reached XP level 12. HP: 54/54 MP: 5/27
 18072 | Lair:1   | Bought a scroll of fear for 68 gold pieces
 18072 | Lair:1   | Bought a scroll of identify for 34 gold pieces
 18072 | Lair:1   | Bought a scroll of identify for 34 gold pieces
 18072 | Lair:1   | Bought a scroll of vulnerability for 68 gold pieces
 18080 | Lair:1   | Learned a level 7 spell: Malign Gateway
 18080 | Lair:1   | Upgraded the game from 0.31-a0-167-g1c394c0614 to
                  | 0.31-a0-174-g85c54bcb58
 18080 | Lair:1   | Bought a scroll of teleportation for 51 gold pieces
 18378 | Lair:2   | Found a glowing golden altar of the Shining One.
 18385 | Lair:2   | Reached skill level 1 in Translocations
 18446 | Lair:2   | Reached skill level 11 in Dodging
 18464 | Lair:2   | Killed from afar by an electric eel
 18465 | Lair:2   | Reached XP level 11. HP: 0/51 MP: 13/26
 19059 | Lair:2   | Reached skill level 10 in Summonings
 19854 | Lair:2   | Reached skill level 5 in Translocations
 19986 | Lair:2   | Found a hole to the Spider Nest.
 20519 | Lair:3   | Learned a level 6 spell: Summon Cactus Giant
 20560 | Lair:3   | Reached XP level 12. HP: 56/56 MP: 24/27
 20577 | Lair:3   | Reached skill level 12 in Dodging
 20712 | Lair:3   | Found a staircase to the Shoals.
 20717 | Lair:3   | Noticed Nessos
 20725 | Lair:3   | HP: 1/56 [Nessos/arrow (7)]
 20726 | Lair:3   | Shot with an arrow by Nessos
 20727 | Lair:3   | Reached XP level 11. HP: -14/52 MP: 15/26
 20747 | Lair:3   | Shot with an arrow by Nessos

Illustrated notes

Levels and vault maps discovered:
D:1:      dpeg_arrival_subterranean_lakeside_camping, layout_loops_ring,
          hangedman_decor_clover_reticule
D:2:      layout_loops_ring, basic_altar, minmay_misc_feat_x
D:3:      minmay_chambers_of_twos, layout_loops_cross, old_standard_altar,
          gammafunk_ghost_split, kennysheep_generic_room_13, uniq_grinder,
          uniq_crazy_yiuf_cottage, uniq_natasha
D:4:      layout_basic, grunt_qazlal_clouds, trog_hazing_becter, serial_shops,
          shop, minmay_puff, uniq_sigmund
D:5:      layout_loops_corners, overflow_temple_1_default,
          nicolae_yredelemnul_corpse_copse, minmay_temple_entry_sparse_star,
          uniq_ijyb
D:6:      layout_cave_pools, nicolae_concentric_dashed_squares_wild,
          uniq_maggie, uniq_edmund, uniq_menkaure
D:7:      layout_loops_ring, jmf_multi_god_temple2, serial_shops,
          nicolae_shop_statue_plus, shop, shop_scrolls,
          nicolae_ossuary_entry_giza
D:8:      layout_loops_ring, mainiacjoe_overflow_catwalk, lemuel_tele_altar
D:9:      layout_loops_ring, mainiacjoe_overflow_alcove_2, uniq_joseph,
          uniq_erica
D:10:     layout_loops_ring, general_overflow_altar, kennysheep_mini,
          cheibrodos_ashenzari_chains, tgw_xom, erik_orc_1
D:11:     layout_cave_pods, hellmonk_lair_entry_icy, serial_column_ruins,
          column_ruins_hut, column_ruins_hut, column_ruins_open_tiny,
          column_ruins_open_tiny, column_ruins_open_tiny,
          column_ruins_open_tiny, column_ruins_open_tiny, uniq_maurice
Temple:   nicolae_temple_ecumenical_triangle
Lair:1:   layout_hall_layers, grunt_megastairs_5
Lair:2:   layout_roguey [special_room_bee],
          hellmonk_spider_entry_life_and_decay, basic_altar, st_stairs_10,
          serial_bayou_crossing, infiniplex_staircase_pool, lemuel_fruit_tree
Lair:3:   layout_cave_pods, elwin_shoals_entry_rocks, grunt_megastairs_2,
          infiniplex_staircase_pool_2, uniq_nessos, uniq_amaemon, uniq_rupert

Skill      XL: |  1  2  3  4  5  6  7  8  9 10 11 12 |
---------------+-------------------------------------+-----
Spellcasting   | 3 4 5 6 7 9 10 | 10.0
Hexes          | 2 4 5 |  5.0
Summonings     | 5 6 7 10 | 10.5
Dodging        | 3 4 5 6 8 10 12 | 12.0
Air Magic      | 1 2 4 6 7 |  7.0
Fighting       | 1 3 4 5 7 8 |  8.9
Ice Magic      | 2 5 |  5.0
Translocations | 5 6 |  6.0
Stealth        | |  2.6

Action                     |  1- 3 |  4- 6 |  7- 9 | 10-12 || total
---------------------------+-------+-------+-------+-------++-------
  Melee: Unarmed           |    11 |     6 |     2 |     5 ||    24
         Bite              |       |       |       |     2 ||     2
   Cast: Summon Small Mamm |    20 |       |     3 |       ||    23
         Call Imp          |    20 |    12 |    58 |    21 ||   111
         Call Canine Famil |     9 |    14 |    67 |    54 ||   144
         Summon Guardian G |       |    13 |    76 |    89 ||   178
         Summon Lightning  |       |     1 |    29 |    31 ||    61
         Summon Ice Beast  |       |       |       |    45 ||    45
         Summon Cactus Gia |       |       |       |     4 ||     4
 Invoke: Call Merchant     |       |       |       |     1 ||     1
  Evoke: Wand              |       |       |     6 |    11 ||    17
    Use: Scroll            |     1 |       |    11 |     3 ||    15
         Potion            |       |       |     2 |     2 ||     4
   Stab: Sleeping          |     4 |       |     2 |       ||     6
         Distracted        |       |       |       |     1 ||     1
 Armour: Skin              |       |     3 |     6 |     6 ||    15
  Dodge: Dodged            |    12 |     7 |    96 |   159 ||   274

Table legend: (Time is in decaauts)
 A = Elapsed time spent in this place.
 B = Non-inter-level travel time spent in this place.
 C = Inter-level travel time spent in this place.
 D = Time resting spent in this place.
 E = Time spent auto-exploring this place.
 F = Levels seen in this place.
 G = Mean time per level.
                   A        B        C        D        E       F      G
               +--------+--------+--------+--------+--------+-----+--------+
         Total |  18372 |  17057 |   1315 |   4758 |   5879 |  16 | 1148.2 |
       Dungeon |  14345 |  13178 |   1167 |   3533 |   5351 |  11 | 1304.1 |
        Temple |     62 |     62 |      0 |      0 |     44 |   1 |   62.0 |
          Lair |   3335 |   3187 |    148 |   1093 |    483 |   3 | 1111.7 |
       Ossuary |    628 |    628 |      0 |    132 |      0 |   1 |  628.0 |
               +--------+--------+--------+--------+--------+-----+--------+

Top non-repeatable levels by time:
     D:5: 2123 daAuts
  Lair:2: 1772 daAuts
     D:4: 1669 daAuts
     D:3: 1494 daAuts
    D:11: 1449 daAuts
     D:9: 1304 daAuts
     D:7: 1216 daAuts
     D:1: 1206 daAuts
  Lair:1: 1144 daAuts
     D:6: 1046 daAuts
    D:10: 1042 daAuts
     D:2: 917 daAuts
     D:8: 876 daAuts
 Ossuary: 628 daAuts
  Lair:3: 418 daAuts
